 Dungeon Crawl Stone Soup version 0.16.1-14-g82efdee (webtiles) character file.

93 M4edhros the Charlatan (level 4, -1/28 HPs)
             Began as an Octopode Artificer on Apr 14, 2015.
             Was a Follower of Fedhas.
             Slain by Crazy Yiuf
             ... wielding a +2 quarterstaff of chaos
              (9 damage)
             ... on level 2 of the Dungeon.
             The game lasted 00:05:18 (2569 turns).

M4edhros the Charlatan (Octopode Artificer)         Turns: 2569, Time: 00:05:19

Health: -1/28      AC:  8    Str: 10    XL:     4   Next: 61%
Magic:  6/6        EV: 13    Int: 12    God:    Fedhas [*.....]
Gold:   117        SH:  0    Dex: 13    Spells: 0 memorised, 3 levels left

rFire  . . .     SeeInvis .     i - +0 trident (protect)
rCold  . . .     Clarity  .     (no shield)
rNeg   . . .     SustAb   .     (helmet restricted)
rPois  .         Gourm    .     (no amulet)
rElec  .         Spirit   .     (no ring)
rCorr  .         Warding  .     (no ring)
rMut   .         Stasis   .     (no ring)
MR     .....                    (no ring)
Stlth  ++++......               (no ring)
                                (no ring)
                                (no ring)
                                (no ring)

@: about to teleport, not resistant to hostile enchantments, stealthy
A: almost no armour, amphibious, 8 rings, constrict 8, yellow scales 1,
camouflage 1, dopey 1, gelatinous body 1
a: Evolution, Renounce Religion


You were on level 2 of the Dungeon.
You worshipped Fedhas.
Fedhas was aware of your devotion.
You were not hungry.

You visited 2 branches of the dungeon, and saw 5 of its levels.

You collected 117 gold pieces.

Inventory:

Hand weapons
 a - a +0 short sword
 i - a +0 trident of protection (weapon)
 m - a +2 hunting sling
 o - a +0 hunting sling
Missiles
 n - 53 sling bullets
 p - 57 stones (quivered)
 q - 20 poisoned needles
Magical staves
 e - an uncursed staff of air
Magical devices
 b - a wand of flame (13)
 c - a wand of enslavement (14)
 d - a wand of random effects (14)
Scrolls
 g - 2 scrolls of fear {unknown}
 h - 3 scrolls of remove curse
 j - a scroll of random uselessness {unknown}
 r - a scroll of recharging {unknown}
 s - a scroll of identify
 t - a scroll of blinking {unknown}
Potions
 k - 2 potions of curing
 l - 2 potions of lignification {unknown}
 u - a potion of beneficial mutation {unknown}
Comestibles
 f - 8 bread rations


   Skills:
 - Level 1.0 Fighting
 - Level 1.0 Short Blades
 * Level 1.8 Slings
 + Level 2.6 Dodging
 + Level 3.5 Stealth
 + Level 0.9 Invocations
 + Level 4.0 Evocations


You had 3 spell levels left.
You didn't know any spells.

Dungeon Overview and Level Annotations

Branches:
Dungeon (4/15)             Temple (1/1) D:4

Altars:
Cheibriados
Fedhas
Gozag
Kikubaaqudgha
Makhleb
Nemelex Xobeh
Qazlal
Ru
Vehumet
Xom
Yredelemnul
Zin
The Shining One

Annotations:
D:2 Crazy Yiuf


Innate Abilities, Weirdness & Mutations

You cannot wear most types of armour.
You are amphibious.
You can wear up to eight rings at the same time.
You can use your tentacles to constrict many enemies at once.
Your skin changes colour to match your surroundings (Stealth).
Your rubbery body absorbs attacks (AC +1).
You are partially covered in yellow scales (AC +2).
You are dopey. (Int -2)


Message History

You constrict Crazy Yiuf.
Crazy Yiuf hits you with a quarterstaff of chaos!
You feel strangely unstable.
You hit Crazy Yiuf but do no damage.
Crazy Yiuf is heavily wounded.
You constrict Crazy Yiuf. Crazy Yiuf hits you but does no damage.
You hit Crazy Yiuf.
Crazy Yiuf is severely wounded.
You constrict Crazy Yiuf.
Crazy Yiuf hits you with a quarterstaff of chaos!
* * * LOW HITPOINT WARNING * * *
You are too injured to fight recklessly!
You hit Crazy Yiuf.
You squeeze Crazy Yiuf, but do no damage.
Crazy Yiuf is almost dead.
You constrict Crazy Yiuf, but do no damage.
Crazy Yiuf closely misses you.
Crazy Yiuf hits you with a quarterstaff of chaos!
You die...
Fedhas appreciates your contribution to the ecosystem.

##.##.#.####....####
######.#..# #....#
##...##.#### ♣.♣..♣
.....##.#### ♣...♣♣
##...##....# ♣♣.♣♣
##.######## ♣.♣♣ #.#
♣♣.♣ #.# ♣.♣♣ #.#
♣♣@♣ #.# #g# #.# ...
#.# #...# #.# #..)#
###.### #####
.....[# .##.#.#
.#....#


You could see Crazy Yiuf.

Vanquished Creatures
  Jessica (D:2)
  An adder (D:2)
  4 giant geckos
  An ooze (D:2)
  5 orcs
  9 bats
  8 goblins
  8 hobgoblins
  4 kobolds
  4 giant cockroaches
  4 giant newts (D:1)
  7 rats
56 creatures vanquished.

Vanquished Creatures (others)
  A giant gecko (D:1)
  19 toadstools
20 creatures vanquished.

Grand Total: 76 creatures vanquished

Notes
Turn   | Place    | Note
--------------------------------------------------------------
     0 | D:1      | M4edhros, the Octopode Artificer, began the quest for the Orb.
     0 | D:1      | Reached XP level 1. HP: 13/13 MP: 1/1
    69 | D:1      | Reached XP level 2. HP: 9/18 MP: 3/3
   552 | D:3      | Reached XP level 3. HP: 19/23 MP: 4/4
   966 | D:3      | Gained mutation: You are dopey. (Int -2) [potion of mutation]
   966 | D:3      | Gained mutation: You are partially covered in yellow scales (AC +2). [potion of mutation]
  1056 | D:3      | Found a shimmering altar of Xom.
  1057 | D:3      | Noticed an angel
  1074 | D:3      | Found a glowing silver altar of Zin.
  1127 | D:4      | Found a staircase to the Ecumenical Temple.
  1141 | Temple   | Entered the Ecumenical Temple
  1218 | D:3      | Became a worshipper of Xom of Chaos
  1244 | Temple   | Fell from the grace of Xom
  1244 | Temple   | Became a worshipper of Fedhas Madash
  1420 | D:1      | Reached skill level 1 in Slings
  1472 | D:1      | XOM: summons 2 hostile shadow creatures
  1708 | D:1      | Acquired Fedhas' first power
  1937 | D:1      | Reached XP level 4. HP: 28/28 MP: 6/6
  2191 | D:2      | Noticed Jessica
  2201 | D:2      | Killed Jessica
  2302 | D:2      | Reached skill level 4 in Evocations
  2303 | D:2      | XOM: mild Fire miscast
  2560 | D:2      | Noticed Crazy Yiuf
  2569 | D:2      | Slain by Crazy Yiuf

Action                   |  1- 3 |  4- 6 || total
-------------------------+-------+-------++-------
Melee: Short sword       |    44 |       ||    44
       Trident           |    58 |    26 ||    84
 Fire: Hunting sling     |     1 |       ||     1
Evoke: Wand              |     4 |       ||     4
  Use: Scroll            |     5 |       ||     5
       Potion            |     3 |       ||     3
 Stab: Sleeping          |    11 |     3 ||    14
       Distracted        |       |     2 ||     2
  Eat: Meat ration       |     1 |       ||     1
       Chunk             |     1 |       ||     1
